 Dungeon Crawl Stone Soup version 0.22-a0-897-g1b7a381375 (webtiles) character file.

7006 Mirvelgyr the Cleaver (level 10, -36/94 HPs)
             Began as a Deep Dwarf Fighter on July 31, 2018.
             Was a Follower of Makhleb.
             Annihilated by an enormous slime creature (75 damage)
             ... on level 12 of the Dungeon.
             The game lasted 00:11:35 (6317 turns).

Mirvelgyr the Cleaver (Deep Dwarf Fighter)          Turns: 6317, Time: 00:11:36

Health: -36/94     AC: 23    Str: 27    XL:     10   Next: 82%
Magic:  6/6        EV:  6    Int:  9    God:    Makhleb [*.....]
Gold:   483        SH: 12    Dex: 10    Spells: 9/9 levels left

rFire    + + .     SeeInvis .   a - +0 war axe
rCold    + + .     Gourm    .   c - +0 shield
rNeg     . . .     Faith    .   y - +0 plate armour
rPois    .         Spirit   .   w - +2 helmet
rElec    +         Reflect  .   r - +0 cloak
rCorr    .         Harm     +   F - +3 pair of gloves of the End {rC++}
MR       +....                  (no boots)
Stlth    ..........             I - amulet of Creativity {Harm *Drain rElec rF+ Str+4 Dex-2}
HPRegen  0.00/turn              l - ring of flight
MPRegen  0.10/turn              u - ring of protection from fire

@: non-regenerating
A: damage resistance, heal wounds, sense surroundings 2, no regeneration
a: Heal Wounds, Renounce Religion, Evoke Flight


You were on level 12 of the Dungeon.
You worshipped Makhleb.
Makhleb was aware of your devotion.
You were not hungry.

You visited 2 branches of the dungeon, and saw 11 of its levels.

You collected 483 gold pieces.

Inventory:

Hand Weapons
 a - a +0 war axe (weapon)
Armour
 c - a +0 shield (worn)
 r - a +0 cloak (worn)
 w - a +2 helmet (worn)
 x - a +0 large shield
 y - a +0 plate armour (worn)
 F - the +3 pair of gloves of the End (worn) {rC++}
   (You found it on level 7 of the Dungeon)

   It greatly protects you from cold.
Jewellery
 l - a ring of flight (left hand)
 t - a +3 amulet of reflection
 u - a ring of protection from fire (right hand)
 I - the amulet of Creativity (around neck) {Harm *Drain rElec rF+ Str+4 Dex-2}
   (You found it on level 8 of the Dungeon)

   [amulet of harm]

   It increases damage dealt and taken.
   It affects your strength (+4).
   It affects your dexterity (-2).
   It protects you from fire.
   It insulates you from electricity.
   It causes draining when unequipped.
Wands
 s - a wand of iceblast (6)
 G - a wand of polymorph (10)
Scrolls
 h - 3 scrolls of fear {unknown}
 i - 3 scrolls of enchant weapon {unknown}
 j - 3 scrolls of amnesia {unknown}
 m - 5 scrolls of remove curse
 n - a scroll of random uselessness {unknown}
 p - a scroll of enchant armour {unknown}
 A - 2 scrolls of teleportation {unknown}
 B - a scroll of magic mapping {unknown}
 D - a scroll of vulnerability {unknown}
Potions
 b - a potion of heal wounds
 d - a potion of might
 e - 2 potions of brilliance {unknown}
 k - 2 potions of flight
 o - a potion of lignification {unknown}
 q - 2 potions of mutation
 v - a potion of cancellation
 z - a potion of resistance
 C - 5 potions of curing
 E - a potion of degeneration
Comestibles
 f - 24 rations
 g - 13 chunks of flesh


   Skills:
 + Level 7.4 Fighting
 * Level 11.5 Axes
 + Level 8.9 Armour
 + Level 8.9 Shields


You had 9 spell levels left.
You didn't know any spells.
Your spell library contained the following spells:

 Spells                   Type           Power        Failure   Level  Hunger
 Confuse                  Hex            #.......     100%        3    ####...
 Summon Small Mammal      Summ           #...         100%        1    ##.....
 Summon Ice Beast         Ice/Summ       #.......     100%        4    #####..
 Call Imp                 Summ           #.......     100%        2    ###....
 Confusing Touch          Hex            #.....       100%        1    ##.....
 Call Canine Familiar     Summ           #.......     100%        3    ####...
 Metabolic Englaciation   Hex/Ice        #.........   100%        5    ######.
 Petrify                  Tmut/Erth      #.......     100%        4    #####..
 Summon Lightning Spire   Summ/Air       #.......     100%        4    #####..
 Summon Guardian Golem    Hex/Summ       #.......     100%        3    ####...
 Gell's Gravitas          Tloc           #.........   100%        3    ####...
 Yara's Violent Unravell  Hex/Tmut       #.........   100%        5    ######.


Dungeon Overview and Level Annotations

Branches:
Dungeon (9/15)             Temple (1/1) D:7            Lair (0/6) D:8
    Orc: D:9-12

Altars:
Ashenzari
Dithmenos
Hepliaklqana
Makhleb
Qazlal
Uskayaw

Shops:
D:9 (


Innate Abilities, Weirdness & Mutations

You are resistant to damage.
You can heal yourself by infusing magical energy.
You passively map the area around you.
You do not regenerate.


Message History

You hit the slime creature.
The slime creature is lightly wounded.
The slime creature barely misses you.
You hit the slime creature.
The slime creature is moderately wounded.
You block the slime creature's attack.
You barely miss the slime creature.
The slime creature is moderately wounded.
Two slime creatures merge to form an enormous slime creature.
You slash the enormous slime creature!
The enormous slime creature is lightly wounded.
A slime creature comes into view.
You slice the enormous slime creature!!
The enormous slime creature is moderately wounded.
The enormous slime creature hits you!!
You slash the enormous slime creature!
The enormous slime creature is moderately wounded.
The enormous slime creature hits you!!!
Ouch! That really hurt!
You die...

** , #..,,
#.# * * #.. *
#.# * #J# #.#
#J# #@# #.#
#.# #.#
######.######
#.....).....#
##########.##
#######.#
......†.#


You could see an enormous slime creature and a slime creature.

Vanquished Creatures
  Harold (D:7)
  3 two-headed ogres
  Pikel (D:4)
  A wraith (D:8)
  2 hungry ghosts
  Menkaure (D:7)
  6 porcupines (D:8)
  A sky beast (D:6)
  2 ice beasts
  A phantom (D:4)
  3 black bears (D:8)
  3 ogres
  2 centaurs
  A crocodile (D:9)
  4 bullfrogs
  4 scorpions
  A wyvern skeleton (D:8)
  6 wights
  3 crimson imps (D:6)
  2 bullfrog skeletons
  A centaur skeleton (D:4)
  2 orc priests (D:5)
  4 hounds
  4 jellies
  An iguana (D:5)
  Ijyb (D:4)
  2 orc wizards
  4 worker ants
  2 hound zombies
  2 hound skeletons
  A worker ant zombie (D:5)
  A howler monkey skeleton (D:8)
  12 adders
  An adder zombie (D:5)
  An adder skeleton (D:4)
  A worm (D:4)
  2 dart slugs
  3 leopard geckos
  19 orcs
  9 giant cockroaches
  8 hobgoblins
  14 jackals
  7 kobolds
  4 quokkas
  A ball python (D:3)
  4 bats
  5 frilled lizards
  5 goblins
  A jackal zombie (D:6)
  A leopard gecko zombie (D:7)
  9 rats
  2 fungi (D:8)
  2 plants (D:8)
184 creatures vanquished.

Vanquished Creatures (others)
  2 fungi (D:8)
  3 plants (D:8)
5 creatures vanquished.

Grand Total: 189 creatures vanquished

Notes
Turn   | Place    | Note
-------+----------+-------------------------------------------
     0 | D:1      | Mirvelgyr the Deep Dwarf Fighter began the quest for the Orb.
     0 | D:1      | Reached XP level 1. HP: 20/20 MP: 1/1
    77 | D:1      | Reached XP level 2. HP: 25/27 MP: 2/2
   708 | D:2      | Reached skill level 3 in Axes
   708 | D:2      | Reached XP level 3. HP: 21/33 MP: 3/3
  1503 | D:3      | Reached XP level 4. HP: 37/42 MP: 4/4
  2256 | D:4      | Reached skill level 4 in Axes
  2256 | D:4      | Reached XP level 5. HP: 28/49 MP: 5/5
  2346 | D:4      | Noticed a phantom
  2382 | D:4      | Killed a phantom
  2421 | D:4      | Reached XP level 6. HP: 28/56 MP: 6/6
  2626 | D:4      | Reached skill level 5 in Axes
  2649 | D:4      | Noticed Pikel
  2649 | D:4      | Noticed a slave
  2649 | D:4      | Noticed a slave
  2649 | D:4      | Noticed a slave
  2650 | D:4      | Noticed a slave
  2672 | D:4      | Killed Pikel
  2672 | D:4      | Reached skill level 6 in Axes
  2672 | D:4      | Reached skill level 5 in Armour
  2672 | D:4      | Reached skill level 5 in Shields
  2672 | D:4      | Reached XP level 7. HP: 20/66 MP: 7/7
  2751 | D:4      | Noticed Ijyb
  2760 | D:4      | Killed Ijyb
  2987 | D:5      | Entered Level 5 of the Dungeon
  3233 | D:5      | Reached XP level 8. HP: 21/73 MP: 7/7
  3493 | D:5      | Reached skill level 7 in Axes
  3555 | D:6      | Reached skill level 5 in Fighting
  4107 | D:6      | Reached skill level 8 in Axes
  4822 | D:7      | Noticed Harold
  4863 | D:7      | Killed Harold
  4863 | D:7      | Reached skill level 9 in Axes
  4863 | D:7      | Gained mutation: You passively map the area around you. [Deep Dwarf growth]
  4863 | D:7      | Reached XP level 9. HP: 40/82 MP: 7/7
  4881 | D:7      | Noticed Menkaure
  4891 | D:7      | Killed Menkaure
  4917 | D:7      | Found a stormy altar of Qazlal.
  4946 | D:7      | Got a pair of shimmering gloves
  4952 | D:7      | Identified the +3 pair of gloves of the End {rC++} (You found it on level 7 of the Dungeon)
  5043 | D:7      | Found a staircase to the Ecumenical Temple.
  5050 | Temple   | Entered the Ecumenical Temple
  5057 | Temple   | Became a worshipper of Makhleb the Destroyer
  5484 | D:8      | Found a staircase to the Lair.
  5503 | D:8      | Reached skill level 10 in Axes
  5649 | D:8      | Reached * piety under Makhleb
  5651 | D:8      | Reached XP level 10. HP: 67/92 MP: 6/6
  5687 | D:8      | Got a sparkling emerald amulet
  5706 | D:8      | Noticed a two-headed ogre
  5719 | D:8      | Killed a two-headed ogre
  6132 | D:9      | Identified the amulet of Creativity {Harm *Drain rElec rF+ Str+4 Dex-2} (You found it on level 8 of the Dungeon)
  6157 | D:9      | Noticed a two-headed ogre
  6166 | D:9      | Killed a two-headed ogre
  6166 | D:9      | Reached skill level 11 in Axes
  6182 | D:9      | Found Atagow's Weapon Boutique.
  6271 | D:9      | Noticed a two-headed ogre
  6280 | D:9      | Killed a two-headed ogre
  6295 | D:9      | You fall through a shaft for 3 floors!
  6317 | D:12     | Annihilated by an enormous slime creature

Vault maps used:
D:1:      dpeg_arrival_pond, roderic_serpentine_path, lemuel_flame_loot_1
D:3:      first_ration, minmay_misc_feat_hallway
D:4:      uniq_pikel, uniq_ijyb
D:7:      temple_doors_ab, grunt_ogre_cave, nicolae_qazlal_style_of_elements,
          uniq_menkaure, uniq_harold
D:8:      due_lair_maze_entry_diamond
D:9:      okawaru_ov_weapons_minmay, serial_shops, shop, enter_bailey_2
D:12:     serial_shops, shop, minmay_ruined_shrine
Temple:   nicolae_temple_the_god_donut

Skill      XL: |  1  2  3  4  5  6  7  8  9 10 |
---------------+-------------------------------+-----
Axes           | 3 4 6 9 10 11 | 11.5
Fighting       | 3 4 5 6 7 |  7.4
Armour         | 4 5 7 8 |  8.9
Shields        | 4 5 7 8 |  8.9

Action                   |  1- 3 |  4- 6 |  7- 9 | 10-12 || total
-------------------------+-------+-------+-------+-------++-------
Melee: War axe           |   135 |   219 |   428 |   141 ||   923
 Abil: Heal Wounds       |     1 |     2 |    15 |     1 ||    19
  Use: Scroll            |       |       |     8 |     1 ||     9
  Eat: Chunk             |     2 |     4 |    10 |     5 ||    21
       Ration            |       |       |     2 |       ||     2
Armor: Scale mail        |    49 |    86 |    26 |       ||   161
       Chain mail        |       |       |    56 |       ||    56
       Plate armour      |       |       |    76 |    47 ||   123
Dodge: Dodged            |    41 |    72 |    77 |    20 ||   210
Block: Shield            |    74 |   101 |   262 |    98 ||   535
       Reflection        |       |       |     2 |       ||     2

Table legend:
 A = Spawn XP
 B = Non-spawn XP
 C = Spawn XP percentage of total XP
 D = Spawn monster count
 E = Non-spawn monster count
 F = Spawn count percentage of total count
 G = Total turns spent on level
                    A         B        C        D         E        F      G
               +---------+---------+-------+---------+---------+-------+---------
         Total |       0 |   10009 |   0.0 |       0 |     180 |   0.0 |  6317
               +---------+---------+-------+---------+---------+-------+---------
           D:1 |       0 |      29 |   0.0 |       0 |      18 |   0.0 |   683
           D:2 |       0 |      66 |   0.0 |       0 |      19 |   0.0 |   779
           D:3 |       0 |      90 |   0.0 |       0 |      31 |   0.0 |   789
           D:4 |       0 |    1055 |   0.0 |       0 |      20 |   0.0 |   736
           D:5 |       0 |     428 |   0.0 |       0 |      16 |   0.0 |   511
           D:6 |       0 |     994 |   0.0 |       0 |      23 |   0.0 |  1239
           D:7 |       0 |    1423 |   0.0 |       0 |      11 |   0.0 |   642
           D:8 |       0 |    3425 |   0.0 |       0 |      31 |   0.0 |   736
           D:9 |       0 |    2432 |   0.0 |       0 |      10 |   0.0 |   166
          D:12 |       0 |      67 |   0.0 |       0 |       1 |   0.0 |    22
               +---------+---------+-------+---------+---------+-------+---------
